 Dungeon Crawl Stone Soup version 0.28-a0-664-gc179e30c89 (webtiles) character file.

Game seed: 5577411058398616782

3098 Conn the Magician (level 9, 0/54 HPs)
             Began as an Octopode Fire Elementalist on Oct 15, 2021.
             Hit by a javelin thrown by a centaur (15 damage)
             ... in a bailey.
             The game lasted 00:18:52 (8351 turns).

Conn the Magician (Octopode Fire Elementalist)      Turns: 8351, Time: 00:18:53

Health: 0/54       AC:  1    Str:  8    XL:     9   Next: 90%
Magic:  0/20       EV: 14    Int: 26    God:
Gold:   296        SH:  0    Dex: 12    Spells: 8/22 levels left

rFire   + . .      SeeInvis .   p - +2 dagger (chaos)
rCold   + + .      Faith    .   (no shield)
rNeg    . . .      Spirit   .   (helmet restricted)
rPois   +          Reflect  .   (no amulet)
rElec   +          Harm     .   d - ring of willpower
rCorr   +          Rampage  .   m - +6 ring of intelligence
Will    +....                   l - ring of Yendor {rPois rC+}
Stlth   ++++......              (no ring)
HPRegen 0.18/turn               (no ring)
MPRegen 0.17/turn               (no ring)
                                (no ring)
                                (no ring)

@: resistant
A: almost no armour, amphibious, 8 rings, camouflage 1, gelatinous body 1,
(nimble swimmer 1), tentacles
a: no special abilities


You were in a bailey.
You visited 2 branches of the dungeon, and saw 8 of its levels.
You also visited: Bailey.

You collected 296 gold pieces.

Inventory:

Hand Weapons
 j - a +0 dagger
 p - a +2 dagger of chaos (weapon)
Missiles
 u - 10 poisoned darts (quivered)
Armour
 t - a +0 buckler
Magical Staves
 s - a staff of poison
Jewellery
 d - a ring of willpower (left tentacle)
 l - the ring of Yendor (on tentacle) {rPois rC+}
   (You found it on level 4 of the Dungeon)

   [ring of protection from cold]

   rC:        It protects you from cold.
   rPois:     It protects you from poison.
 m - a +6 ring of intelligence (right tentacle)
Wands
 a - a wand of flame (33)
Scrolls
 b - 3 scrolls of enchant armour {unknown}
 c - a scroll of silence {unknown}
 f - 5 scrolls of teleportation {unknown}
 g - 2 scrolls of noise {unknown}
 h - 2 scrolls of magic mapping {unknown}
 i - a scroll of amnesia {unknown}
 k - 2 scrolls of identify {unknown}
 n - 4 scrolls of blinking {unknown}
 o - a scroll of summoning {unknown}
 v - a scroll of acquirement {unknown}
Potions
 e - 2 potions of brilliance


   Skills:
 + Level 2.1 Fighting
 + Level 1.4 Short Blades
 + Level 3.5 Dodging
 + Level 5.9 Stealth
 + Level 0.4 Unarmed Combat
 + Level 7.4 Spellcasting
 + Level 5.7 Conjurations
 + Level 1.6 Hexes
 + Level 2.5 Translocations
 + Level 7.0 Fire Magic
 + Level 0.6 Evocations


You had 8 spell levels left.
You knew the following spells:

 Your Spells              Type           Power      Damage    Failure   Level
a - Foxfire               Conj/Fire      100%       2x1d9     1%          1
b - Conjure Flame         Conj/Fire      43%        6-21      1%          3
c - Inner Flame           Hex/Fire       32%        N/A       3%          3
d - Flame Wave            Conj/Fire      43%        3d9       4%          4
e - Magic Dart            Conj           100%       1d8       1%          1
f - Blink                 Tloc           N/A        N/A       3%          2

Your spell library contained the following spells:

 Spells                   Type           Power      Damage    Failure   Level
 Scorch                   Fire           92%        2d9       1%          2
 Gell's Gravitas          Tloc           11%        N/A       6%          3
 Teleport Other           Tloc           23%        N/A       6%          3
 Call Imp                 Summ           9%         N/A       9%          2
 Mephitic Cloud           Conj/Pois/Air  19%        N/A       9%          3
 Manifold Assault         Tloc           23%        N/A       50%         5
 Dispersal                Tloc           11%        N/A       97%         6
 Storm Form               Tmut/Air       4%         N/A       100%        7


Dungeon Overview and Level Annotations

Branches:
Dungeon (7/15)             Temple (1/1) D:6          Bailey (1/1)

Altars:
Ashenzari
Dithmenos
Elyvilon
Fedhas
Gozag
Kikubaaqudgha
Makhleb
Nemelex Xobeh
Okawaru
Qazlal
Ru
Vehumet
Wu Jian
Xom
Yredelemnul
Zin
The Shining One


Innate Abilities, Weirdness & Mutations

You cannot wear most types of armour.
You are amphibious.
You can wear up to eight rings at the same time.
Your skin changes colour to match your surroundings (Stealth+).
Your rubbery body absorbs attacks. (AC +1, EV +1)
((You are camouflaged near water. (Stealth+)))
You have tentacles for arms and can constrict up to eight enemies at once.


Message History

The orc is heavily wounded.
Unknown command.
Throw: 14 darts (poison)
Press: ? - help, Q - select action, (/) - cycle Shift-Dir - straight line, f/p - centaur
Aim: a centaur, wielding a +0 halberd, wearing a +0 chain mail and quivering javelins (heavily wounded, very poisoned, 77% to hit)
You throw a poisoned dart. The poisoned dart hits the centaur.
The centaur is heavily wounded.
The centaur throws a javelin.
The javelin closely misses you.
Throw: 13 darts (poison)
Press: ? - help, Q - select action, (/) - cycle Shift-Dir - straight line, f/p - centaur
Aim: a centaur, wielding a +0 halberd, wearing a +0 chain mail and quivering javelins (heavily wounded, very poisoned, 77% to hit)
You throw a poisoned dart.
The poisoned dart barely misses the centaur.
Casting: Foxfire (safe; 1% risk of failure)
Confirm with . or Enter, or press ? or * to list all spells.
You conjure some foxfire!
The centaur throws a javelin.
The javelin pierces through you!
Casting: Foxfire (safe; 1% risk of failure)
Confirm with . or Enter, or press ? or * to list all spells.
You don't have enough magic to cast this spell.
Throw: 12 darts (poison)
Press: ? - help, Q - select action, (/) - cycle Shift-Dir - straight line, f/p - centaur
Aim: a centaur, wielding a +0 halberd, wearing a +0 chain mail and quivering javelins (almost dead, poisoned, ally target, 77% to hit)
You throw a poisoned dart.
The poisoned dart barely misses the centaur.
The foxfire hits the centaur but does no damage.
The centaur is almost dead.
The centaur throws a javelin.
The javelin pierces through you!
* * * LOW HITPOINT WARNING * * *
The foxfire hits the orc but does no damage.
The orc is heavily wounded.
It was a potion of resistance.
You feel protected.
Throw: 11 darts (poison)
Press: ? - help, Q - select action, (/) - cycle Shift-Dir - straight line, f/p - centaur
Aim: a centaur, wielding a +0 halberd, wearing a +0 chain mail and quivering javelins (almost dead, poisoned, 77% to hit)
You throw a poisoned dart.
The poisoned dart barely misses the centaur.
The centaur throws a javelin.
The javelin pierces through you!
You die...

.....≈≈≈≈≈.....
....≈≈...≈≈....
.≈.≈≈.≈.≈.≈≈o≈(
≈≈)≈.≈≈.≈≈.≈c≈≈
≈.≈≈.≈...≈.≈≈.≈
≈.≈.≈≈...≈≈.≈.≈
≈.≈.≈.⌠∩⌠.≈.≈.≈
≈)≈.≈..@..≈.≈.≈
≈.≈.≈.⌠∩⌠.≈.≈.≈
≈.≈.≈≈...≈≈.≈.≈
≈.≈≈.≈...≈.≈≈.≈
≈≈.≈.≈§°≈≈.≈.≈≈
o≈.≈≈.))..≈≈.≈o
o≈≈.≈≈°.≈≈≈.≈≈.
..≈≈.o≈.≈).≈≈..


You could see a centaur (poisoned) and 5 orcs.

Vanquished Creatures
  Maggie (D:6)
  Grinder (D:5)
  Eustachio (D:5)
  A water moccasin (D:6)
  Duvessa (D:7)
  2 sky beasts
  A black bear (D:6)
  An orc warrior (D:6)
  A necrophage (D:4)
  4 ogres
  2 centaurs
  A lemure (D:7)
  A phantom (D:5)
  2 bullfrogs
  Blork the orc (D:4)
  2 scorpions
  Dowan (D:7)
  A water moccasin zombie (D:5)
  3 crimson imps (D:3)
  3 hounds
  A bullfrog skeleton (D:6)
  A jelly (D:5)
  An orc priest (D:5)
  Crazy Yiuf (D:5)
  6 iguanas
  Ijyb (D:4)
  5 orc wizards
  A hound skeleton (D:4)
  8 adders
  A shadow imp (D:5)
  An adder skeleton (D:4)
  An adder zombie (D:5)
  4 dart slugs
  18 orcs
  9 ball pythons
  6 endoplasms
  2 giant cockroaches
  11 goblins
  7 hobgoblins
  4 kobolds
  2 quokkas (D:4)
  5 bats
  3 frilled lizards (D:2)
130 creatures vanquished.

Vanquished Creatures (collateral kills)
  4 foxfires
4 creatures vanquished.

Vanquished Creatures (others)
  454 foxfires
  2 fungi (D:1)
  17 plants (D:4)
473 creatures vanquished.

Grand Total: 607 creatures vanquished

Notes
Turn   | Place    | Note
-------+----------+-------------------------------------------
     0 | D:1      | Conn the Octopode Fire Elementalist began the quest for the
                  | Orb.
     0 | D:1      | Reached XP level 1. HP: 11/11 MP: 3/3
   390 | D:1      | Reached XP level 2. HP: 17/17 MP: 0/5
   936 | D:1      | Reached XP level 3. HP: 21/21 MP: 2/6
  1076 | D:1      | Found a faded altar of an unknown god.
  2055 | D:3      | You fall into a shaft and drop 2 floors!
  2055 | D:5      | Entered Level 5 of the Dungeon
  2062 | D:5      | Noticed an ogre
  2094 | D:5      | Killed an ogre
  2095 | D:5      | Reached XP level 4. HP: 27/27 MP: 0/8
  2095 | D:5      | Reached XP level 5. HP: 31/31 MP: 0/9
  2268 | D:4      | Identified the ring of Yendor {rPois rC+}
  2416 | D:4      | Learned a level 3 spell: Conjure Flame
  2420 | D:4      | Learned a level 3 spell: Inner Flame
  2423 | D:4      | Learned a level 2 spell: Blink
  2427 | D:4      | Noticed a necrophage
  2435 | D:4      | Killed a necrophage
  2436 | D:4      | Reached XP level 6. HP: 21/36 MP: 7/11
  2573 | D:4      | Noticed Ijyb
  2586 | D:4      | Killed Ijyb
  2921 | D:4      | Found an opulent altar of Gozag.
  2921 | D:4      | Found an ancient bone altar of Kikubaaqudgha.
  3419 | D:3      | Noticed a sky beast
  3428 | D:3      | Killed a sky beast
  3429 | D:3      | Reached XP level 7. HP: 31/41 MP: 7/13
  3787 | D:3      | Found a shimmering altar of Xom.
  3819 | D:3      | Learned a level 4 spell: Flame Wave
  3821 | D:3      | Learned a level 1 spell: Magic Dart
  3995 | D:3      | Reached skill level 5 in Fire Magic
  4420 | D:4      | Found a sacrificial altar of Ru.
  4434 | D:4      | Found a white marble altar of Elyvilon.
  4640 | D:4      | Noticed Blork the orc
  4647 | D:4      | Killed Blork the orc
  4973 | D:4      | Reached skill level 5 in Spellcasting
  4973 | D:4      | Reached XP level 8. HP: 13/47 MP: 8/15
  5729 | D:4      | Identified the +1 ring mail of the Arena {Rampage rC+
                  | Regen+ Dex-5}
  5899 | D:5      | Reached skill level 1 in Short Blades
  5938 | D:5      | Noticed Eustachio
  5955 | D:5      | Reached skill level 1 in Fighting
  5956 | D:5      | Killed Eustachio
  5957 | D:5      | Reached skill level 5 in Stealth
  6446 | D:5      | Noticed Grinder
  6454 | D:5      | Killed Grinder
  6455 | D:5      | Reached skill level 1 in Hexes
  6455 | D:5      | Reached XP level 9. HP: 24/53 MP: 11/18
  6715 | D:5      | Reached skill level 5 in Conjurations
  6788 | D:5      | Found a sparkling altar of Nemelex Xobeh.
  6857 | D:5      | Found a runed translucent door.
  6858 | D:5      | Noticed Crazy Yiuf
  6871 | D:5      | Killed Crazy Yiuf
  7117 | D:6      | Reached skill level 1 in Translocations
  7485 | D:6      | Found a staircase to the Ecumenical Temple.
  7494 | Temple   | Entered the Ecumenical Temple
  7624 | D:6      | Noticed Maggie
  7636 | D:6      | Killed Maggie
  8126 | D:7      | Noticed Dowan
  8129 | D:7      | Noticed Duvessa
  8135 | D:7      | Killed Duvessa
  8136 | D:7      | Killed Dowan
  8280 | D:7      | Found a glowing silver altar of Zin.
  8280 | D:7      | Noticed an angel
  8317 | D:7      | Found a flagged portal.
  8328 | Bailey   | Entered a bailey
  8351 | Bailey   | Hit by a javelin thrown by a centaur

Illustrated notes

Levels and vault maps discovered:
D:1:      dpeg_arrival_ternary, layout_basic,
          shapermc_ecumenical_altar_mp_urbaneastern, minmay_tripent
D:2:      layout_loops_ring
D:3:      layout_rooms, led_xom_imps, serial_co_window_serial,
          co_window_corner_a, co_window_corner_a, co_window_paths_a,
          co_window_paths_a, co_window_paths_a, co_window_of_opportunity_c,
          co_window_broadway_a, co_window_unsneaky_path_d, co_window_broadway_a,
          glass_columns_a
D:4:      minmay_clustersquares, layout_layer_cave,
          gammafunk_temple_overflow_statue, mainiacjoe_overflow_big_doors,
          serial_bayou, serial_bayou_crossing, serial_bayou_lake_a,
          serial_bayou_pond_c, serial_bayou_pond_c, uniq_blork_the_orc,
          uniq_ijyb
D:5:      layout_cave_pools, kennysheep_mini, grunt_decor_arrowhead,
          uniq_crazy_yiuf_cottage, uniq_eustachio, uniq_grinder
D:6:      layout_basic, minmay_temple_entry_statues_pillars,
          lemuel_flamethrower_1, uniq_maggie
D:7:      layout_loops_ring, zin_angel, lemuel_coloured_pillars_altar,
          gammafunk_ghost_hive, enter_bailey_3, hangedman_abyss_or_decor_passed,
          dk_vineyard_3, uniq_pikel, uniq_duvessa
Temple:   eino_temple_lava
Bailey:   bailey_polearm_flooded_kennysheep, bailey

Skill      XL: |  1  2  3  4  5  6  7  8  9 |
---------------+----------------------------+-----
Stealth        | 3 4 5 |  5.9
Spellcasting   | 3 4 5 6 7 |  7.4
Conjurations   | 2 3 4 5 |  5.7
Fire Magic     | 4 5 6 7 |  7.0
Dodging        | 3 |  3.5
Short Blades   | 1 |  1.4
Fighting       | 1 2 |  2.1
Hexes          | 1 |  1.6
Translocations | 2 |  2.5
Unarmed Combat | |  0.4
Evocations     | |  0.6

Action                   |  1- 3 |  4- 6 |  7- 9 || total
-------------------------+-------+-------+-------++-------
Melee: Unarmed           |     8 |       |       ||     8
       Constrict         |     4 |     5 |    14 ||    23
       Tentacles         |     1 |     1 |    12 ||    14
       Dagger            |       |    11 |    68 ||    79
Throw: Dart              |       |       |     7 ||     7
 Cast: Foxfire           |    62 |    61 |   137 ||   260
       Inner Flame       |       |     2 |    12 ||    14
       Magic Dart        |       |       |    17 ||    17
       Conjure Flame     |       |       |     2 ||     2
       Flame Wave        |       |       |    10 ||    10
Evoke: Wand              |       |       |     4 ||     4
  Use: Potion            |       |     2 |     4 ||     6
 Stab: Sleeping          |       |     2 |     4 ||     6
Armor: Skin              |     1 |     3 |     7 ||    11
Dodge: Dodged            |    10 |    15 |    56 ||    81

Table legend: (Time is in decaauts)
 A = Elapsed time spent in this place.
 B = Non-inter-level travel time spent in this place.
 C = Inter-level travel time spent in this place.
 D = Time resting spent in this place.
 E = Time spent auto-exploring this place.
 F = Levels seen in this place.
 G = Mean time per level.
                   A        B        C        D        E       F      G
               +--------+--------+--------+--------+--------+-----+--------+
         Total |   8346 |   8228 |    118 |    936 |   5853 |   9 |  927.3 |
       Dungeon |   8249 |   8131 |    118 |    936 |   5793 |   7 | 1178.4 |
        Temple |     73 |     73 |      0 |      0 |     60 |   1 |   73.0 |
        Bailey |     22 |     22 |      0 |      0 |      0 |   1 |   22.0 |
               +--------+--------+--------+--------+--------+-----+--------+

Top non-repeatable levels by time:
     D:4: 2746 daAuts
     D:5: 1290 daAuts
     D:3: 1115 daAuts
     D:1: 1110 daAuts
     D:6: 951 daAuts
     D:2: 835 daAuts
     D:7: 201 daAuts
  Temple: 73 daAuts
  Bailey: 22 daAuts
